 Dungeon Crawl Stone Soup version 0.21-a0-150-gc243083 (webtiles) character file.

712231 workaccount the Axe Maniac (level 27, -81/267 (273) HPs)
             Began as a Minotaur Fighter on July 24, 2017.
             Was an Initiate of Gozag.
             Killed from afar by an orb of fire (102 damage)
             ... with a fireball
             ... on level 5 of the Realm of Zot on July 27, 2017.
             The game lasted 08:10:09 (71418 turns).

workaccount the Axe Maniac (Minotaur Fighter)      Turns: 71418, Time: 08:10:10

HP:   -81/267 (273) AC: 25    Str: 51      XL:     27
MP:   0/22          EV: 31    Int:  7 (9)  God:    Gozag
Gold: 24676         SH: 37    Dex: 23      Spells: 26/26 levels left

rFire    . . .     SeeInvis .   O - +9 war axe "Fizeyb Guhu" {freeze, Str+6}
rCold    + + +     Gourm    .   Y - +4 large shield "Ifibb" {-Cast Regen+ Stlth+}
rNeg     + + .     Faith    .   R - +8 chain mail of Parts Unknown {-Tele +Inv rPois rC++}
rPois    +         Spirit   +   e - -2 hat of the Alchemist {rElec rPois rF+ rC+ rN+ MR+ rMut rCorr}
rElec    +         Reflect  .   r - scarf {Spirit}
rCorr    +         Harm     .   K - +2 pair of gloves {Str+3}
rMut     +         NoTele   +   o - +2 pair of boots "Juxunan" {+Blink rC+ Int+2}
MR       +++..     NoCast   +   E - amulet "Suetui" {+Rage Str+5 Int+2}
Stlth    ..........             m - ring of Nufoefo {rF- Str+7 Dex+4}
HPRegen  0.00/turn              D - ring "Buegoclo" {rN+ Dex+5}
MPRegen  0.18/turn

@: gold aura, studying Throwing
A: retaliatory headbutt, horns 2, deformed body, deterioration 2, screaming 1,
electricity resistance, inhibited regeneration, subdued magic 1
}: 4/15 runes: decaying, slimy, silver, gossamer
a: Potion Petition, Call Merchant, Bribe Branch, Renounce Religion, Evoke Blink,
Evoke Berserk Rage, Evoke Invisibility


You were on level 5 of the Realm of Zot.
You worshipped Gozag.
Gozag was extremely pleased with you.
You were not hungry.

You visited 14 branches of the dungeon, and saw 60 of its levels.
You also visited: Labyrinth and Ice Cave.

You collected 33097 gold pieces.
You spent 4768 gold pieces at shops.
You paid 3653 gold pieces to Gozag.

Inventory:

Hand Weapons
 z - a +6 demon whip of freezing
 O - the +9 war axe "Fizeyb Guhu" (weapon) {freeze, Str+6}
   (You found it on level 8 of the Dungeon)

   It has been specially enchanted to freeze those struck by it, causing extra
   injury to most foes and up to half again as much damage against particularly
   susceptible opponents.
   It can also slow down cold-blooded creatures.
   It affects your strength (+6).
Missiles
 J - 3 silver tomahawks
 L - 9 exploding tomahawks
 X - 11 tomahawks of returning (quivered)
Armour
 e - the -2 hat of the Alchemist (worn) {rElec rPois rF+ rC+ rN+ MR+ rMut rCorr}
   (You bought it in a shop on level 7 of the Dungeon)

   It protects you from fire.
   It protects you from cold.
   It insulates you from electricity.
   It protects you from poison.
   It protects you from negative energy.
   It affects your resistance to hostile enchantments.
   It protects you from acid and corrosion.
   It protects you from mutation.
 f - +5 storm dragon scales
 l - the +4 plate armour of Cloud Cover {rN+ MR+ Str+2 Dex+4}
   (You bought it in a shop on level 2 of the Orcish Mines)

   It affects your strength (+2).
   It affects your dexterity (+4).
   It protects you from negative energy.
   It affects your resistance to hostile enchantments.
 o - the +2 pair of boots "Juxunan" (worn) {+Blink rC+ Int+2}
   (You found it on level 5 of the Vaults)

   It affects your intelligence (+2).
   It protects you from cold.
   It lets you blink.
 r - a scarf of spirit shield (worn)
 s - the +3 crown of Dyrovepreva {rElec Int+2 SInv}
   (You found it on level 1 of the Swamp)

   It affects your intelligence (+2).
   It insulates you from electricity.
   It lets you see invisible.
 A - +2 shadow dragon scales
 K - a +2 pair of gloves of strength (worn)
 R - the +8 chain mail of Parts Unknown (worn) {-Tele +Inv rPois rC++}
   (You found it on level 3 of the Elven Halls)

   It greatly protects you from cold.
   It protects you from poison.
   It lets you turn invisible.
   It prevents most forms of teleportation.
 Y - the +4 large shield "Ifibb" (worn) {-Cast Regen+ Stlth+}
   (You took it off Louise on level 15 of the Dungeon)

   It prevents spellcasting.
   It increases your rate of regeneration.
   It makes you more stealthy.
Jewellery
 m - the ring of Nufoefo (left hand) {rF- Str+7 Dex+4}
   (You found it on level 5 of the Vaults)

   [ring of dexterity]

   It affects your strength (+7).
   It affects your dexterity (+4).
   It makes you vulnerable to fire.
 D - the ring "Buegoclo" (right hand) {rN+ Dex+5}
   (You found it on level 3 of the Crypt)

   [ring of positive energy]

   It affects your dexterity (+5).
   It protects you from negative energy.
 E - the amulet "Suetui" (around neck) {+Rage Str+5 Int+2}
   (You bought it in a shop on level 2 of the Orcish Mines)

   [amulet of rage]

   It affects your strength (+5).
   It affects your intelligence (+2).
   It lets you go berserk.
Wands
 v - a wand of digging (23/24)
 w - a wand of acid (6/15)
 y - a wand of disintegration (18/24)
 P - a wand of clouds (9/9)
Scrolls
 d - 8 scrolls of magic mapping
 g - 3 scrolls of blinking
 j - 29 scrolls of remove curse
 k - 2 scrolls of silence
 n - 32 scrolls of teleportation
 u - 5 scrolls of holy word
 C - 3 scrolls of recharging
 H - 7 scrolls of identify
Potions
 b - 10 potions of flight
 h - 4 potions of invisibility
 i - a potion of magic
 q - 3 potions of berserk rage
 x - 2 potions of might
 B - 2 potions of resistance
 F - 5 potions of haste
 G - 12 potions of curing
 N - 5 potions of agility
 Q - 2 potions of cancellation
 V - 6 potions of ambrosia
Books
 c - a manual of Throwing
Miscellaneous
 a - the horn of Geryon
 Z - 4 phantom mirrors
Comestibles
 p - 16 royal jellies
 t - 21 bread rations
 T - 29 fruits
 W - 11 meat rations


   Skills:
 O Level 27 Fighting
 O Level 27 Axes
 + Level 0.8(18.7) Maces & Flails
   Level 11.3(20.9) Polearms
   Level 2.3(6.8) Slings
 - Level 9.3(9.4) Throwing
 + Level 21.2 Armour
 * Level 23.4 Dodging
 - Level 0.1 Stealth
 O Level 27 Shields
 + Level 1.0 Evocations


You had 26 spell levels left.
You didn't know any spells.

Dungeon Overview and Level Annotations

Branches:
Dungeon (15/15)            Temple (1/1) D:7            Lair (6/6) D:11
  Swamp (4/4) Lair:2       Spider (4/4) Lair:2        Slime (5/5) Lair:5
    Orc (2/2) D:11            Elf (3/3) Orc:2        Vaults (5/5) D:14
  Crypt (3/3) Vaults:3       Tomb (1/3) Crypt:3      Depths (5/5) D:15
   Hell (1/1)                 Dis (0/7) Hell            Geh (0/7) Hell
    Coc (0/7) Hell            Tar (0/7) Hell            Zot (5/5) Depths:5

Altars:
Ashenzari
Cheibriados
Dithmenos
Elyvilon
Fedhas
Gozag
Hepliaklqana
Kikubaaqudgha
Makhleb
Nemelex Xobeh
Okawaru
Qazlal
Ru
Sif Muna
Trog
Uskayaw
Vehumet
Wu Jian
Xom
Yredelemnul
Zin
The Shining One
Jiyva

Shops:
D:6 [   D:7 [=[!   D:8 :   D:9 !   D:12 *   D:15 :   Orc:2 ([==   Vaults:4 !
Depths:1 }   Depths:3 }   Depths:4 *}   Depths:5 [

Portals:
Hell: Depths:1 Depths:2 Depths:3 Depths:4 Depths:5
Abyss: Depths:4
Pandemonium: Depths:3
Ziggurat: Depths:3
Trove: Vaults:1 (give +3 shadow dragon scales)

Annotations:
Orc:2 exclusion: oklob plant


Innate Abilities, Weirdness & Mutations

You reflexively headbutt those who attack you in melee.
You have a pair of horns on your head.
Armour fits poorly on your strangely shaped body.
Your body often deteriorates upon taking damage.
You occasionally shout uncontrollably at your foes.
You are resistant to electric shocks. (rElec)
You do not regenerate when monsters are visible.
Your spells are a little easier to cast, but a little less powerful.


Message History

The fireball explodes!
The fireball engulfs you!
The fireball engulfs the orb of fire.
The orb of fire completely resists.
The fireball engulfs the orb of fire.
The orb of fire completely resists.
You hit the orb of fire but do no damage.
Your headbutt misses the orb of fire.
The orb of fire is heavily damaged.
You miss the orb of fire.
The orb of fire glows bright magenta.
The fireball explodes!
The fireball engulfs you!
The fireball engulfs the orb of fire.
The orb of fire completely resists.
The fireball engulfs the orb of fire.
The orb of fire completely resists.
You are too injured to fight recklessly!
The orb of fire glows bright magenta.
The fireball explodes!
The fireball engulfs you!
* * * LOW HITPOINT WARNING * * *
Your body deteriorates!
You feel dopey.
The orb of fire glows deep purple.
The fireball explodes!
The fireball engulfs you!
You die...
Your body crumbles into a pile of gold.

$ ▓▓▓▓▓ (...###
....##
#*..########## $
#$*...........
##.............#
#@............#
##.$.........#
#..y........#
##...........##
#...$.........#
##.............##
#.....:.........#
########$########▓▓
########
#$...)<.....


You could see 2 orbs of fire and a moth of wrath.

Vanquished Creatures
  the Royal Jelly (Slime:5)
  Khufu (Crypt:3)
  An orb of fire (Zot:2)
  2 ancient liches
  A juggernaut (Depths:4)
  Mara (Spider:3)
  5 greater mummies
  Bai Suzhen (Crypt:1)
  3 Killer Klowns (Zot:3)
  Saint Roka (Elf:2)
  2 curse toes (Zot:3)
  Geryon (Hell)
  Xtahua (Vaults:5)
  Nikola (Swamp:2)
  Arachne (Spider:4)
  Jory (Crypt:3)
  A profane servitor (Crypt:3)
  7 golden dragons
  2 electric golems
  A bone dragon (Crypt:3)
  A hellephant (Hell)
  Jorgrun (Depths:3)
  19 tentacled monstrosities
  7 Orb Guardians (Zot:5)
  2 deep elf master archers (Elf:3)
  5 liches
  10 quicksilver dragons
  24 acid blobs
  2 deep elf blademasters (Elf:3)
  5 titans (Vaults:5)
  8 death cobs
  Murray (Depths:5)
  6 sphinxes
  10 storm dragons
  5 tengu reavers
  5 ancient champions
  9 draconian monks
  Gastronok (Lair:1)
  8 shadow dragons
  The ghost of TheHza the Cruncher, an adept DsGl of Qazlal (Spider:2)
  2 revenants
  9 fire giants
  23 azure jellies
  Donald (Vaults:2)
  Louise (D:15)
  2 draconian knights
  4 frost giants
  2 orc warlords
  19 vault wardens
  A balrug (Depths:4)
  6 draconian scorchers
  9 ghost moths
  A deep elf sorcerer (Elf:3)
  A ghost moth (shapeshifter) (Vaults:5)
  5 emperor scorpions
  2 curse skulls
  An iron dragon (Vaults:5)
  5 draconian stormcallers
  5 ghouls
  4 spriggan defenders
  10 ironheart preservers
  6 deep elf elementalists
  2 war gargoyles
  6 draconian annihilators
  7 draconian shifters
  42 very ugly things
  5 reapers
  17 stone giants
  6 deep elf demonologists
  10 entropy weavers
  The ghost of TwoGrow the Fighter, a journeyman HOAr of Beogh (D:13)
  Azrael (D:12)
  14 vampire knights
  10 green draconians
  8 red draconians
  2 lorocyprocas
  7 deep elf annihilators (Elf:3)
  11 yellow draconians
  7 deep elf death magi
  10 spark wasps
  An eidolon (Crypt:2)
  6 white draconians
  16 black draconians
  27 purple draconians
  2 green deaths (Swamp:4)
  12 ettins
  Snorg (Lair:3)
  14 death oozes
  11 fire dragons
  20 jiangshi
  A minotaur (Lab)
  A kraken zombie (Hell)
  9 mummy priests
  A quicksilver dragon skeleton (Hell)
  4 deep elf high priests
  19 yaktaur captains
  9 rakshasas
  Harold (Lair:4)
  11 great orbs of eyes
  Fannar (Lair:2)
  32 vault guards
  The ghost of Atlas the Spear-Bearer, a journeyman DsFE of Vehumet (D:13)
  3 spriggan air magi (Depths:4)
  5 ice dragons
  2 ghost crabs
  22 hydras
  An anaconda (Lair:6)
  5 centaur warriors
  66 two-headed ogres
  A titan zombie (Hell)
  8 alligators
  An alligator (shapeshifter) (Vaults:5)
  4 death yaks (Lair:6)
  10 death knights
  30 death scarabs (Tomb:1)
  4 spriggan berserkers
  3 tengu warriors
  6 vampire magi
  5 deep troll shamans
  Urug (Lair:3)
  22 ogre magi
  3 deep troll earth magi
  A thrashing horror (Swamp:4)
  An orc high priest (Elf:1)
  4 soul eaters
  31 deep elf knights
  4 sun demons
  Nergalle (Orc:1)
  6 shadow wraiths
  2 iron golems
  46 skeletal warriors
  A death drake (shapeshifter) (Depths:2)
  5 iron trolls
  A death drake (Depths:5)
  5 hell knights
  3 glowing orange brains
  22 deep trolls
  12 deep elf archers
  A swamp dragon (shapeshifter) (Vaults:4)
  10 swamp dragons
  An anaconda zombie (Hell)
  3 wizards
  9 flayed ghosts
  14 phantasmal warriors
  4 shambling mangroves
  A harpy (shapeshifter) (D:14)
  4 lindwurms (Depths:5)
  8 harpies (Vaults:5)
  14 ironbrand convokers
  A tengu zombie (Depths:1)
  21 orb spiders
  14 orc knights
  14 necromancers
  An anaconda skeleton (Hell)
  5 orc sorcerers
  34 wolf spiders
  2 stone giant zombies
  A mana viper (shapeshifter) (Vaults:5)
  61 deep elf magi
  4 cyclopes
  8 shining eyes
  A tengu skeleton (Depths:1)
  A shadow dragon skeleton (Hell)
  19 moths of wrath
  3 salamanders
  41 ugly things
  2 centaur zombies (D:15)
  A manticore (D:13)
  3 oklob plants (Lair:5)
  A stone giant skeleton (Depths:1)
  8 rust devils (Hell)
  A fire giant skeleton (Vaults:2)
  11 vault sentinels
  A guardian serpent (shapeshifter) (Vaults:2)
  3 centaur skeletons
  5 black mambas
  2 ice statues (Elf:1)
  2 orange demons (Swamp:4)
  2 torpor snails
  A frost giant skeleton (Crypt:1)
  15 elephants
  3 eyes of devastation
  A black mamba (shapeshifter) (Depths:4)
  2 human zombies (Vaults:2)
  A torpor snail (shapeshifter) (Depths:5)
  6 gargoyles
  A shock serpent skeleton (Crypt:1)
  2 spiny frogs (shapeshifter) (Vaults:1)
  A molten gargoyle (Hell)
  A water nymph (shapeshifter) (D:15)
  An efreet (D:14)
  A hellion (Hell)
  18 spiny frogs
  11 demonic crawlers
  A rime drake (Lair:6)
  10 komodo dragons
  A kobold demonologist (D:15)
  10 freezing wraiths
  9 ice devils
  A tormentor (Hell)
  2 anaconda simulacra
  12 guardian mummies
  A tengu conjurer (Depths:5)
  49 yaktaurs
  2 red devils (Hell)
  A sea snake skeleton (Crypt:2)
  27 jumping spiders
  5 trolls
  A black draconian skeleton (Crypt:1)
  A hydra zombie (Hell)
  An iron troll skeleton (Crypt:1)
  6 tyrant leeches
  A wolf spider simulacrum (Crypt:3)
  3 hornets (shapeshifter)
  9 polar bears (Lair:6)
  3 polar bears (shapeshifter)
  A sphinx simulacrum (Vaults:3)
  Prince Ribbit (Lair:2)
  2 wind drakes (Depths:5)
  4 large abominations
  28 hornets
  16 blink frogs
  A harpy skeleton (Crypt:1)
  An alligator zombie (Hell)
  A hydra skeleton (Hell)
  A tarantella zombie (Crypt:2)
  A raiju (Lair:6)
  A raiju (shapeshifter) (Depths:2)
  116 slime creatures
  6 dream sheep (Lair:6)
  7 hippogriffs
  A fire giant simulacrum (Depths:1)
  An ice dragon zombie (Hell)
  14 bog bodies
  2 human simulacra (Vaults:1)
  9 water elementals
  9 air elementals
  2 redbacks (shapeshifter) (Vaults:5)
  Sigmund (D:2)
  69 redbacks
  50 flying skulls
  A wyvern (shapeshifter) (D:13)
  An ettin skeleton (Vaults:1)
  5 shadows
  4 small abominations
  A tarantella (shapeshifter) (Vaults:5)
  An alligator skeleton (Hell)
  11 wraiths
  23 yaks
  A shapeshifter (Depths:4)
  2 dire elephant simulacra (IceCv)
  13 fire elementals
  An ushabti (Tomb:1)
  9 spriggans
  24 tarantellas
  3 basilisks
  2 wyverns
  2 yaks (shapeshifter)
  A chaos spawn (Depths:3)
  3 steam dragons
  A hungry ghost (D:14)
  3 golden eyes
  A golden eye (shapeshifter) (Vaults:2)
  11 vampire mosquitoes
  2 neqoxecs (Depths:3)
  16 swamp worms
  2 yaktaur simulacra (Vaults:2)
  10 insubstantial wisps
  A harpy simulacrum (IceCv)
  16 wargs
  A water nymph zombie (Crypt:1)
  2 acid dragons
  21 hell hounds
  A hydra simulacrum (IceCv)
  15 water moccasins
  2 human skeletons
  A spiny frog zombie (Hell)
  8 porcupines
  A swamp drake (shapeshifter) (Vaults:2)
  2 sky beasts
  An alligator simulacrum (Crypt:3)
  2 black bears (shapeshifter)
  43 orc warriors
  An eye of draining (shapeshifter) (Vaults:1)
  A dream sheep zombie (Crypt:1)
  9 swamp drakes
  6 eyes of draining
  6 phantoms
  10 ice beasts
  14 black bears
  61 ogres
  7 centaurs
  10 boggarts
  8 necrophages
  18 wolves
  9 crocodiles
  A swamp dragon skeleton (Crypt:3)
  Blork the orc (D:5)
  19 bullfrogs
  6 earth elementals
  A water moccasin zombie (Crypt:1)
  A wyvern skeleton (D:12)
  5 scorpions
  6 killer bees
  7 electric eels
  12 wights
  A howler monkey (shapeshifter) (Vaults:5)
  A howler monkey (D:13)
  4 bullfrog zombies
  12 crimson imps
  8 hounds
  7 jellies
  20 orc wizards
  A bullfrog skeleton (D:11)
  17 orc priests
  Ijyb (D:4)
  A black bear zombie (Crypt:2)
  5 iguanas
  5 worker ants
  A hound skeleton (D:4)
  8 mummies
  3 howler monkey zombies
  3 gnolls (D:2)
  19 adders
  A shadow imp (D:13)
  6 oozes
  2 adder zombies
  5 worms
  2 dart slugs (D:1)
  5 leopard geckos
  93 orcs
  5 bats
  4 giant cockroaches
  5 hobgoblins
  4 jackals (D:4)
  6 quokkas
  3 ball pythons
  3 frilled lizards
  8 goblins
  A goblin skeleton (Crypt:2)
  A goblin zombie (Crypt:2)
  2 jackal skeletons (Crypt:2)
  3 kobolds
  A kobold skeleton (Crypt:2)
  3 leopard gecko skeletons
  A leopard gecko zombie (D:6)
  A quokka zombie (D:8)
  3 rats
  2 bushes (Lair:5)
  A fire vortex (Depths:4)
  4 fungi
  8 plants
  2 tentacles (Hell)
2697 creatures vanquished.

Vanquished Creatures (collateral kills)
  A sphinx (Depths:2)
  3 tengu reavers (Depths:2)
  A fire giant (Depths:2)
  2 stone giants (Depths:2)
  An ice dragon (Depths:2)
  A deep troll shaman (Depths:2)
  A spriggan berserker (Depths:2)
  A hell knight (Depths:2)
  2 iron trolls (Depths:2)
  A wizard (Depths:2)
  5 deep trolls (Depths:2)
  A spriggan (Depths:2)
  2 water elementals (Depths:2)
22 creatures vanquished.

Vanquished Creatures (others)
  Sojobo (Depths:2)
  the Enchantress (Depths:2)
  Asterion (Vaults:2)
  3 sphinxes (Depths:2)
  A fire giant (Vaults:4)
  A ghost moth (Spider:4)
  A draconian knight (Zot:2)
  A vault warden (Vaults:5)
  A spriggan defender (Depths:2)
  A stone giant (Depths:2)
  2 purple draconians (Zot:3)
  A yellow draconian (Zot:3)
  An ettin (Depths:2)
  A yaktaur captain (Vaults:5)
  A deep troll shaman (Depths:2)
  A spriggan air mage (Depths:2)
  2 deep troll earth magi (Depths:2)
  An ogre mage (Vaults:5)
  23 dancing weapons
  A skeletal warrior (Hell)
  4 hell knights (Depths:2)
  5 deep trolls (Depths:2)
  A necromancer (Depths:2)
  A lindwurm (Depths:5)
  6 ugly things (Depths:2)
  A komodo dragon (Swamp:1)
  A rime drake (shapeshifter) (Depths:2)
  A tyrant leech (Swamp:1)
  A water elemental (Depths:2)
  A porcupine (Lair:5)
  A boggart (Depths:2)
  A spectral human (Crypt:3)
  5 fungi
  12 plants
  2 tentacles (Hell)
89 creatures vanquished.

Grand Total: 2808 creatures vanquished

Notes
Turn   | Place    | Note
-------+----------+-------------------------------------------
     0 | D:1      | workaccount the Minotaur Fighter began the quest for the Orb.
     0 | D:1      | Reached XP level 1. HP: 19/19 MP: 0/0
   174 | D:1      | Reached XP level 2. HP: 27/27 MP: 1/1
   936 | D:2      | Reached XP level 3. HP: 32/33 MP: 2/2
  1272 | D:2      | Reached XP level 4. HP: 39/41 MP: 3/3
  1426 | D:2      | Noticed Sigmund
  1447 | D:2      | Killed Sigmund
  1447 | D:2      | Reached skill level 5 in Armour
  1447 | D:2      | Reached XP level 5. HP: 20/47 MP: 4/4
  1451 | D:2      | Reached skill level 5 in Polearms
  1876 | D:2      | Reached XP level 6. HP: 53/53 MP: 5/5
  1885 | D:2      | Reached skill level 1 in Dodging
  2180 | D:3      | Found a deep blue altar of Sif Muna.
  2758 | D:3      | Found an opulent altar of Gozag.
  2770 | D:3      | Reached skill level 5 in Fighting
  2795 | D:3      | Became a worshipper of Gozag Ym Sagoz the Greedy
  3046 | D:4      | Noticed Ijyb
  3062 | D:4      | Killed Ijyb
  3115 | D:4      | Reached XP level 7. HP: 52/61 MP: 6/6
  3180 | D:4      | Found a radiant altar of Vehumet.
  3188 | D:4      | Found a glowing silver altar of Zin.
  3188 | D:4      | Found a burning altar of Makhleb.
  3191 | D:4      | Found a white marble altar of Elyvilon.
  3380 | D:4      | Found a snail-covered altar of Cheibriados.
  3692 | D:5      | Entered Level 5 of the Dungeon
  4071 | D:5      | Found a stormy altar of Qazlal.
  4081 | D:5      | Reached skill level 5 in Shields
  4084 | D:5      | Found a snail-covered altar of Cheibriados.
  4084 | D:5      | Found a glowing golden altar of the Shining One.
  4084 | D:5      | Found a shimmering altar of Xom.
  4085 | D:5      | Found a blossoming altar of Fedhas.
  4085 | D:5      | Found a basalt altar of Yredelemnul.
  4283 | D:5      | Noticed Blork the orc
  4301 | D:5      | Killed Blork the orc
  4695 | D:6      | Reached XP level 8. HP: 69/69 MP: 7/7
  4818 | D:6      | Found Laemu's Antique Armour Shoppe.
  4830 | D:6      | Bought a pair of boots for 117 gold pieces
  4830 | D:6      | Bought a crude scale mail for 234 gold pieces
  4845 | D:6      | Identified the +1 scale mail "Nasifuic" {rPois Int-4 Dex+5} (You bought it in a shop on level 6 of the Dungeon)
  5405 | D:6      | Reached skill level 1 in Slings
  5405 | D:6      | Reached skill level 1 in Throwing
  5649 | D:7      | Got a slimy shortbow
  5663 | D:7      | Reached skill level 10 in Polearms
  5921 | D:7      | Identified the cursed +1 shortbow of Elygoceck {flame, rC+} (You found it on level 7 of the Dungeon)
  5979 | D:7      | Found Feumm's Jewellery Emporium.
  6001 | D:7      | Reached XP level 9. HP: 64/75 MP: 8/8
  6372 | D:7      | Found Numityf's Armour Emporium.
  6426 | D:7      | Found Onuar's Distillery.
  6498 | D:7      | Found a staircase to the Ecumenical Temple.
  6578 | D:7      | Found Wuill's Armour Shoppe.
  6581 | D:7      | Bought a +0 pair of gloves for 58 gold pieces
  7212 | D:8      | Found Ybuavvou's Book Emporium.
  7404 | D:8      | Got an ichor-stained war axe
  7405 | D:8      | Identified the +9 war axe "Fizeyb Guhu" {freeze, Str+6} (You found it on level 8 of the Dungeon)
  7449 | D:9      | Reached skill level 1 in Axes
  7789 | D:9      | Noticed a two-headed ogre
  7798 | D:9      | Killed a two-headed ogre
  7798 | D:9      | Reached skill level 5 in Axes
  7798 | D:9      | Reached XP level 10. HP: 84/86 MP: 9/9
  7846 | D:9      | Found Riniliza's Distillery.
  7849 | D:9      | Bought a potion of curing for 42 gold pieces
  7849 | D:9      | Bought a potion of curing for 42 gold pieces
  7849 | D:9      | Bought a potion of might for 56 gold pieces
  8042 | D:10     | Entered Level 10 of the Dungeon
  8099 | D:10     | Got an ancient chain mail
  8100 | D:10     | Identified the cursed +0 chain mail of Guixuck {rN+ Slay+3} (You found it on level 10 of the Dungeon)
  8187 | D:10     | Noticed a two-headed ogre
  8191 | D:10     | Killed a two-headed ogre
  8672 | D:11     | Noticed a green ugly thing
  8678 | D:11     | Killed a green ugly thing
  8684 | D:11     | Found a staircase to the Orcish Mines.
  8709 | D:11     | Found a staircase to the Lair.
  8867 | D:11     | Got a polished hand crossbow
  8995 | D:11     | Noticed a red ugly thing
  9016 | D:11     | Killed a red ugly thing
  9016 | D:11     | Reached skill level 10 in Axes
  9016 | D:11     | Reached XP level 11. HP: 31/94 MP: 10/10
  9266 | D:11     | Identified the +1 hand crossbow of Wyrd {velocity, *Drain *Slow rC+++ SInv} (You found it on level 11 of the Dungeon)
  9488 | D:11     | Noticed a two-headed ogre
  9492 | D:11     | Killed a two-headed ogre
 10256 | Temple   | Entered the Ecumenical Temple
 10518 | Orc:1    | Entered Level 1 of the Orcish Mines
 10522 | Orc:1    | Noticed Nergalle
 10557 | Orc:1    | Killed Nergalle
 10584 | Orc:1    | Noticed an orc knight
 10597 | Orc:1    | Killed an orc knight
 11049 | Orc:1    | Noticed an orc knight
 11063 | Orc:1    | Killed an orc knight
 11063 | Orc:1    | Reached skill level 10 in Armour
 11262 | Orc:2    | Entered Level 2 of the Orcish Mines
 11343 | Orc:2    | Noticed a two-headed ogre
 11345 | Orc:2    | Noticed a two-headed ogre
 11346 | Orc:2    | Noticed a two-headed ogre
 11349 | Orc:2    | Killed a two-headed ogre
 11351 | Orc:2    | Noticed a two-headed ogre
 11353 | Orc:2    | Noticed a two-headed ogre
 11354 | Orc:2    | Noticed a two-headed ogre
 11354 | Orc:2    | Noticed an ogre mage
 11523 | Orc:2    | Noticed an oklob plant
 11552 | Orc:2    | Killed a two-headed ogre
 11621 | Orc:2    | Killed a two-headed ogre
 11869 | Orc:2    | Killed an ogre mage
 11869 | Orc:2    | Reached XP level 12. HP: 103/104 MP: 11/11
 11870 | Orc:2    | Killed a two-headed ogre
 11949 | Orc:2    | Noticed an ogre mage
 11953 | Orc:2    | Killed an ogre mage
 11953 | Orc:2    | Reached skill level 5 in Throwing
 12218 | Orc:2    | Killed a two-headed ogre
 12219 | Orc:2    | Found a staircase to the Elven Halls.
 12221 | Orc:2    | Noticed an ogre mage
 12230 | Orc:2    | Killed an ogre mage
 12347 | Orc:2    | Found Besoarai's Armour Shop.
 12347 | Orc:2    | Found Poext's Weapon Emporium.
 12349 | Orc:2    | Found Kearheu's Jewellery Shoppe.
 12349 | Orc:2    | Found Mekh's Jewellery Shop.
 12350 | Orc:2    | Noticed a two-headed ogre
 12351 | Orc:2    | Noticed a two-headed ogre
 12351 | Orc:2    | Noticed a two-headed ogre
 12352 | Orc:2    | Noticed a two-headed ogre
 12353 | Orc:2    | Noticed a two-headed ogre
 12353 | Orc:2    | Noticed a two-headed ogre
 12356 | Orc:2    | Killed a two-headed ogre
 12359 | Orc:2    | Noticed a two-headed ogre
 12359 | Orc:2    | Killed a two-headed ogre
 12359 | Orc:2    | Reached skill level 10 in Fighting
 12360 | Orc:2    | Killed a two-headed ogre
 12361 | Orc:2    | Killed a two-headed ogre
 12364 | Orc:2    | Killed a two-headed ogre
 12364 | Orc:2    | Killed a two-headed ogre
 12369 | Orc:2    | Killed a two-headed ogre
 12589 | Orc:2    | Killed a two-headed ogre
 12601 | Orc:2    | Bought the amulet "Suetui" {+Rage Str+5 Int+2} for 863 gold pieces
 12616 | Orc:2    | Reached skill level 15 in Axes
 12850 | Orc:2    | Noticed an ogre mage
 12856 | Orc:2    | Killed an ogre mage
 12995 | Orc:2    | Bought a +0 hat for 52 gold pieces
 12995 | Orc:2    | Bought the +4 plate armour of Cloud Cover {rN+ MR+ Str+2 Dex+4} for 941 gold pieces
 12995 | Orc:2    | Bought a scarf of spirit shield for 117 gold pieces
 13143 | Lair:1   | Entered Level 1 of the Lair of Beasts
 13224 | Lair:1   | Identified the Volume of Harmful Orientation
 13282 | Lair:1   | Reached XP level 13. HP: 109/114 MP: 10/12
 13343 | Lair:1   | Noticed Gastronok
 13355 | Lair:1   | Killed Gastronok
 14354 | Lair:2   | Noticed Prince Ribbit
 14363 | Lair:2   | Killed Prince Ribbit
 14656 | Lair:2   | Found a staircase to the Swamp.
 15050 | Lair:2   | Noticed Fannar
 15065 | Lair:2   | Killed Fannar
 15338 | Lair:2   | Found a hole to the Spider Nest.
 15434 | Lair:3   | Got a shimmering spear
 15486 | Lair:3   | Identified the cursed +3 spear "Xauzemeq" {drain, *Rage Int+5 Stlth+} (You found it on level 3 of the Lair of Beasts)
 15747 | Lair:3   | Noticed Urug
 15757 | Lair:3   | Killed Urug
 15849 | Lair:3   | Noticed Snorg
 15857 | Lair:3   | Killed Snorg
 16156 | Lair:4   | Found a labyrinth entrance.
 16181 | Lab      | Entered a labyrinth
 17285 | Lab      | Noticed a minotaur
 17290 | Lab      | Killed a minotaur
 17299 | Lab      | Identified Vibul's Papyrus of the Snowflakes
 17299 | Lab      | Identified the Reference Book on the Entourage and Snow
 17467 | Lair:4   | Reached XP level 14. HP: 118/126 MP: 11/13
 17719 | Lair:4   | Noticed Harold
 17737 | Lair:4   | Killed Harold
 18320 | Lair:5   | Reached skill level 10 in Shields
 18695 | Lair:6   | Entered Level 6 of the Lair of Beasts
 20079 | Lair:6   | Got a faintly glowing bardiche
 20250 | D:12     | Noticed Azrael
 20260 | D:12     | Killed Azrael
 20391 | D:12     | Got a scorched lead ring
 20467 | D:12     | Found Ytzeic Ashra's Elemental Accessories.
 20612 | D:12     | Identified the +5 bardiche of Insomnia {flame, rN+ Stlth+} (You found it on level 6 of the Lair of Beasts)
 20614 | D:12     | Identified the ring "Enyaqovy" {Ice MR+} (You found it on level 12 of the Dungeon)
 20667 | D:12     | Reached XP level 15. HP: 138/138 MP: 14/14
 21297 | D:13     | You fall through a shaft for 2 floors!
 21297 | D:15     | Entered Level 15 of the Dungeon
 21449 | D:15     | Got a fine dagger
 22155 | D:14     | Found a gate to the Vaults.
 22296 | D:13     | Noticed Atlas's ghost (journeyman DsFE)
 22311 | D:13     | Killed Atlas's ghost
 22574 | D:13     | Identified the +2 dagger of the Eel {pierce, rElec rC+} (You found it on level 15 of the Dungeon)
 22885 | D:13     | Noticed TwoGrow's ghost (journeyman HOAr)
 22899 | D:13     | Killed TwoGrow's ghost
 23416 | D:15     | Found Moneaf's Book Shoppe.
 23500 | D:15     | Reached skill level 15 in Fighting
 23647 | D:15     | Found a staircase to the Depths.
 23734 | D:15     | Noticed Louise
 23742 | D:15     | Killed Louise
 23745 | D:15     | Got a transparent large shield
 23749 | D:15     | Identified the +4 large shield "Ifibb" {-Cast Regen+ Stlth+} (You took it off Louise on level 15 of the Dungeon)
 24137 | Elf:1    | Entered Level 1 of the Elven Halls
 24360 | Elf:1    | Found a frozen archway.
 24546 | IceCv    | Entered an ice cave
 24885 | IceCv    | Reached XP level 16. HP: 58/151 MP: 6/15
 26670 | D:7      | Bought a +2 pair of gloves of dexterity for 279 gold pieces
 26670 | D:7      | Bought the -2 hat of the Alchemist {rElec rPois rF+ rC+ rN+ MR+ rMut rCorr} for 613 gold pieces
 26792 | D:7      | Bought a potion of curing for 30 gold pieces
 26792 | D:7      | Bought a potion of curing for 30 gold pieces
 26792 | D:7      | Bought 2 potions of might for 80 gold pieces
 26792 | D:7      | Bought a potion of curing for 30 gold pieces
 27004 | Depths:1 | Entered Level 1 of the Depths
 27053 | Depths:1 | Noticed a quicksilver dragon
 27062 | Depths:1 | Killed a quicksilver dragon
 27509 | Depths:1 | Found Humnaesu's Gadget Shop.
 27546 | Depths:1 | Bought a wand of digging (7/24) for 440 gold pieces
 28295 | Depths:1 | Found a gateway to Hell.
 28375 | Depths:2 | Noticed the Enchantress
 28377 | Depths:2 | Noticed a sphinx
 28540 | Depths:2 | Noticed a lich
 28549 | Depths:2 | Killed a lich
 28863 | Depths:1 | Reached XP level 17. HP: 162/162 MP: 16/16
 28955 | Depths:2 | HP: 8/162 [poisoned by a spriggan defender]
 28967 | Depths:2 | HP: 7/162 [poisoned by a spriggan defender]
 28972 | Depths:2 | HP: 5/162 [poisoned by a spriggan defender]
 28978 | Depths:1 | HP: 4/162 [poisoned by a spriggan defender]
 29534 | Depths:2 | Noticed Sojobo
 29720 | Depths:2 | Your ally died
 30078 | Swamp:1  | Entered Level 1 of the Swamp
 30825 | Spider:1 | Entered Level 1 of the Spider Nest
 32223 | Spider:2 | Reached skill level 15 in Shields
 32335 | Spider:2 | Noticed TheHza's ghost (adept DsGl)
 32370 | Spider:2 | Killed TheHza's ghost
 32905 | Spider:3 | Got a crude ring mail
 32924 | Spider:3 | Identified the +0 ring mail of Facod {rF+ Dex+5} (You found it on level 3 of the Spider Nest)
 32949 | Spider:3 | Reached XP level 18. HP: 173/173 MP: 0/17
 33468 | Spider:3 | Noticed Mara
 33487 | Spider:3 | Killed Mara
 34045 | Spider:4 | Entered Level 4 of the Spider Nest
 34434 | Spider:4 | Noticed Arachne
 34452 | Spider:4 | Killed Arachne
 34463 | Spider:4 | Reached skill level 5 in Dodging
 35283 | Spider:4 | Got a gossamer rune of Zot
 35548 | Vaults:1 | Entered Level 1 of the Vaults
 35742 | Vaults:1 | Found a portal to a secret trove of treasure.
 35922 | Vaults:1 | Reached XP level 19. HP: 157/185 MP: 13/18
 37408 | Vaults:2 | Noticed Donald
 37424 | Vaults:2 | Killed Donald
 38432 | Vaults:2 | Noticed Asterion
 38448 | Vaults:2 | Killed Asterion
 39066 | Vaults:3 | Reached XP level 20. HP: 109/198 MP: 10/19
 39653 | Vaults:3 | Found a staircase to the Crypt.
 39993 | Crypt:1  | Entered Level 1 of the Crypt
 40332 | Crypt:1  | Noticed Bai Suzhen
 40346 | Crypt:1  | Killed Bai Suzhen
 40884 | Crypt:2  | Got a steaming chain mail
 40885 | Crypt:2  | Identified the cursed +1 chain mail of Beauty {*Contam rElec rF+ Dex+3} (You found it on level 2 of the Crypt)
 41347 | Crypt:2  | Reached skill level 10 in Dodging
 42052 | Crypt:3  | Entered Level 3 of the Crypt
 42170 | Crypt:3  | Noticed Khufu
 42181 | Crypt:3  | Noticed a greater mummy
 42189 | Crypt:3  | Noticed a greater mummy
 42190 | Crypt:3  | Killed a greater mummy
 42203 | Crypt:3  | Killed a greater mummy
 42219 | Crypt:3  | Killed Khufu
 42614 | Crypt:3  | Found an ancient bone altar of Kikubaaqudgha.
 42647 | Crypt:3  | Reached XP level 21. HP: 209/209 MP: 20/20
 42779 | Crypt:3  | Noticed a profane servitor
 42794 | Crypt:3  | Killed a profane servitor
 43114 | Crypt:3  | Noticed Jory
 43126 | Crypt:3  | Killed Jory
 43131 | Crypt:3  | Found a staircase to the Tomb.
 43352 | Crypt:3  | Got a pitted bronze ring
 43352 | Crypt:3  | Got a bound steel ring
 43352 | Crypt:3  | Got a serpentine silver ring
 43358 | Crypt:3  | Identified the ring "Jyic" {rN+ MR+} (You found it on level 3 of the Crypt)
 43360 | Crypt:3  | Identified the ring "Buegoclo" {rN+ Dex+5} (You found it on level 3 of the Crypt)
 43365 | Crypt:3  | Identified the ring "Reybruke" {*Drain rPois rF+ rC+ rN+} (You found it on level 3 of the Crypt)
 44938 | Vaults:4 | Identified Hankur's Compendium of Entrancing Displacement
 44959 | Vaults:5 | Entered Level 5 of the Vaults
 44966 | Vaults:5 | Reached XP level 22. HP: 220/220 MP: 21/21
 45223 | Vaults:5 | Noticed Xtahua
 45241 | Vaults:5 | Killed Xtahua
 45644 | Vaults:5 | Noticed a golden dragon
 45653 | Vaults:5 | Noticed a golden dragon
 45662 | Vaults:5 | Killed a golden dragon
 45917 | Vaults:4 | Bought a potion of resistance for 190 gold pieces
 45917 | Vaults:4 | Bought 2 potions of curing for 114 gold pieces
 45917 | Vaults:4 | Bought a potion of curing for 57 gold pieces
 45917 | Vaults:4 | Bought a potion of berserk rage for 95 gold pieces
 45943 | Vaults:5 | Killed a golden dragon
 45964 | Vaults:5 | Noticed an ancient lich
 45972 | Vaults:5 | Reached XP level 23. HP: 205/229 MP: 20/22
 45988 | Vaults:5 | Killed an ancient lich
 46205 | Vaults:5 | Got a crude hand axe {venom}
 46753 | Vaults:5 | Identified Sif Muna's Tome of Changing
 46879 | Vaults:5 | Identified the +7 hand axe of Okuri {venom, *Corrode rN+ Str+7 SInv} (You took it off a vault sentinel on level 5 of the Vaults)
 47013 | Vaults:5 | Got a clouded golden ring
 47017 | Vaults:5 | Got a pair of dazzling boots
 47021 | Vaults:5 | Got a coiled jade ring
 47132 | Vaults:5 | Got a steaming long sword
 47172 | Vaults:5 | Identified the ring of Nufoefo {rF- Str+7 Dex+4} (You found it on level 5 of the Vaults)
 47455 | Vaults:5 | Identified the ring "Uraggall" {MR+ Dex+3} (You found it on level 5 of the Vaults)
 47480 | Vaults:5 | Identified the +2 pair of boots "Juxunan" {+Blink rC+ Int+2} (You found it on level 5 of the Vaults)
 47481 | Vaults:5 | Identified the cursed +3 long sword of Resourcefulness {slice, +Fly rN+ Stlth+} (You found it on level 5 of the Vaults)
 47533 | Vaults:5 | Got a smelly leather armour
 47534 | Vaults:5 | Identified the +3 leather armour "Faing" {rElec rF++ MP+9 Dex-2} (You took it off an ironbrand convoker on level 5 of the Vaults)
 47585 | Vaults:5 | Got a silver rune of Zot
 48328 | Elf:2    | Noticed Saint Roka
 48343 | Elf:2    | Killed Saint Roka
 48479 | Elf:2    | Found a runed gate.
 48479 | Elf:2    | Found a runed gate.
 48479 | Elf:2    | Found a runed gate.
 49117 | Elf:3    | Entered Level 3 of the Elven Halls
 49773 | Elf:3    | Reached XP level 24. HP: 232/240 MP: 21/22
 50212 | Elf:3    | Got a transparent chain mail
 50239 | Elf:3    | Got a twisted ring mail
 50260 | Elf:3    | Identified the +8 chain mail of Parts Unknown {-Tele +Inv rPois rC++} (You found it on level 3 of the Elven Halls)
 50261 | Elf:3    | Identified the +4 ring mail of a wizard's laboratory {*Corrode Int+7} (You found it on level 3 of the Elven Halls)
 50309 | Elf:3    | Got an emerald-encrusted chain mail
 50358 | Elf:3    | Identified the +2 chain mail "Itaojuq" {rElec Str+6 Int-4 Dex+4} (You found it on level 3 of the Elven Halls)
 50733 | Swamp:2  | Noticed Nikola
 50760 | Swamp:2  | Killed Nikola
 52199 | Swamp:4  | Entered Level 4 of the Swamp
 52826 | Swamp:4  | Got a decaying rune of Zot
 53570 | Lair:5   | You fall through a shaft!
 53752 | Lair:5   | Found a staircase to the Slime Pits.
 53895 | Slime:1  | Entered Level 1 of the Pits of Slime
 53899 | Slime:1  | Gained mutation: Armour fits poorly on your strangely shaped body. [a shining eye]
 53908 | Slime:1  | Gained mutation: Your body sometimes deteriorates upon taking damage. [a shining eye]
 53909 | Slime:1  | Gained mutation: You occasionally shout uncontrollably at your foes. [a shining eye]
 53911 | Slime:1  | Gained mutation: Your spells are a little easier to cast, but a little less powerful. [a shining eye]
 54424 | Slime:2  | Reached skill level 15 in Dodging
 56010 | Slime:5  | Entered Level 5 of the Pits of Slime
 56053 | Slime:5  | Gained mutation: Your body often deteriorates upon taking damage. [a shining eye]
 56122 | Slime:5  | Reached XP level 25. HP: 235/250 MP: 13/22
 56127 | Slime:5  | Noticed the Royal Jelly
 56406 | Slime:4  | Gained mutation: You do not regenerate when monsters are visible. [a shining eye]
 57244 | Slime:5  | Found a viscous altar of Jiyva.
 57430 | Slime:5  | Reached skill level 1 in Evocations
 57482 | Slime:5  | Killed the Royal Jelly
 57824 | Slime:5  | Got a scorched brass ring
 57834 | Slime:5  | Got a slimy rune of Zot
 57872 | Slime:5  | Identified the Disquisition on Helpful Ignition
 57889 | Slime:5  | Got a crude garnet amulet
 57905 | Slime:5  | Identified the amulet "Mutweps" {Inacc rElec MR+ MP-9 Int+4} (You found it on level 5 of the Pits of Slime)
 57912 | Slime:5  | Identified the ring "Dost" {Wiz MP-9 Str+3 Int+2 Dex+3} (You found it on level 5 of the Pits of Slime)
 58889 | Tomb:1   | Entered Level 1 of the Tomb of the Ancients
 59334 | Tomb:1   | Noticed a greater mummy
 59334 | Tomb:1   | Noticed a greater mummy
 59343 | Tomb:1   | Killed a greater mummy
 59349 | Tomb:1   | Killed a greater mummy
 60853 | Depths:3 | Found Vismaa's Gadget Boutique.
 61083 | Depths:3 | Found a one-way gate leading to the halls of Pandemonium.
 61166 | Depths:3 | Noticed Jorgrun
 61176 | Depths:3 | Killed Jorgrun
 61224 | Depths:3 | Found a gateway to a ziggurat.
 61512 | Depths:4 | Found a one-way gate to the infinite horrors of the Abyss.
 61614 | Depths:4 | Reached skill level 27 in Axes
 61616 | Depths:4 | Noticed a juggernaut
 61625 | Depths:4 | Killed a juggernaut
 61637 | Depths:4 | Reached XP level 26. HP: 135/261 MP: 13/22
 61987 | Depths:4 | Found Pupaeteu's Gadget Shoppe.
 61992 | Depths:4 | Found Ruchoe's General Store.
 62003 | Depths:4 | Bought a scroll of remove curse for 48 gold pieces
 62003 | Depths:4 | Bought a potion of heal wounds for 80 gold pieces
 62003 | Depths:4 | Bought a potion of ambrosia for 128 gold pieces
 62003 | Depths:4 | Bought a scroll of identify for 32 gold pieces
 62487 | Depths:5 | Entered Level 5 of the Depths
 62659 | Depths:5 | Got a pair of polished gloves
 62667 | Depths:5 | Identified the cursed +0 pair of gloves of Amorality {rC++ MR+} (You found it on level 5 of the Depths)
 62682 | Depths:5 | Found Vaseasemp's Armour Shoppe.
 63391 | Depths:5 | Found a gate to the Realm of Zot.
 63398 | Depths:5 | Reached skill level 27 in Shields
 63668 | Depths:5 | Reached skill level 27 in Fighting
 63720 | Depths:5 | Reached skill level 15 in Armour
 64095 | Zot:1    | Entered Level 1 of the Realm of Zot
 64853 | Zot:2    | Reached XP level 27. HP: 184/273 MP: 2/22
 65349 | Zot:2    | Noticed an orb of fire
 65367 | Zot:2    | Killed an orb of fire
 66003 | Hell     | Entered the Vestibule of Hell
 66003 | Hell     | Noticed Geryon
 66020 | Hell     | Killed Geryon
 66030 | Hell     | Noticed Murray
 67088 | Depths:5 | Killed Murray
 67440 | Hell     | Found a gateway to the Iron City of Dis.
 67529 | Hell     | Found a gateway to the decaying netherworld of Tartarus.
 67592 | Hell     | Found a gateway to the freezing wastes of Cocytus.
 67756 | Hell     | Found a gateway to the ashen valley of Gehenna.
 69394 | Depths:2 | Noticed a greater mummy
 69410 | Depths:2 | Killed a greater mummy
 69784 | Depths:2 | Killed the Enchantress
 69789 | Depths:2 | Got faerie dragon scales
 69793 | Depths:2 | Identified the +1 faerie dragon scales {rF+ rCorr Dex+4} (You found it on level 2 of the Depths)
 69863 | Depths:2 | Found a hazy altar of Hepliaklqana.
 70104 | Depths:2 | Upgraded the game from 0.21-a0-143-g1ab7d47 to 0.21-a0-150-gc243083
 71186 | Zot:5    | Entered Level 5 of the Realm of Zot
 71321 | Zot:5    | Noticed an ancient lich
 71333 | Zot:5    | Killed an ancient lich
 71407 | Zot:5    | Noticed an orb of fire
 71410 | Zot:5    | Gained mutation: You are resistant to electric shocks. (rElec) [an orb of fire]
 71411 | Zot:5    | Noticed an orb of fire
 71418 | Zot:5    | Killed from afar by an orb of fire

Vault maps used:
D:1:      shiori_shiawase
D:2:      uniq_sigmund
D:3:      lemuel_round_altar, led_sif_book, first_bread
D:4:      minitemple, hangedman_abyss_or_decor_jellyfish_corner,
          cheibriados_altar_1, uniq_ijyb
D:5:      grunt_temple_overflow_open, hangedman_decor_points, abandoned_shop,
          uniq_blork_the_orc
D:6:      serial_shops, nicolae_shop_stone
D:7:      minmay_temple_entry_butterflies, serial_shops, shop,
          nicolae_shop_behind_doors, kennysheep_mini_moat, nicolae_shop_trees,
          minmay_checkerbox
D:8:      serial_shops, shop
D:9:      serial_shops, kennysheep_mini
D:11:     erik_lair_orcish_takeover, orc_0_dummy
D:12:     hangedman_little_slice_of_home, nicolae_elemental_shop, uniq_azrael
D:14:     david_vaults_1, minmay_staircase_statues_hall_small
D:15:     hangedman_depths_entry_try_elsewhere_first, serial_shops, shop,
          hangedman_decor_growths, uniq_louise
Temple:   cyrus_temple_forest
Lair:1:   eino_small_chamber_without_monster, serial_bayou_shore_b,
          uniq_gastronok
Lair:2:   swamp_mist_pool, spider_nest_entry_funnel_web, minivault_19,
          beast_lair_carwin_1, grunt_megastairs_2, uniq_fannar,
          uniq_prince_ribbit2
Lair:3:   uniq_snorg, uniq_urug
Lair:4:   lab_entry_generic, uniq_harold
Lair:5:   minmay_lair_venomous_thicket, minmay_slime_entry_oklob_enclosed
Lair:6:   hangedman_lair_caniforms_friends
Swamp:1:  evilmike_swamp_ruin_house_5, swamp_pool1, st_swamp_mini
Swamp:2:  hangedman_swamp_lotus, uniq_nikola
Swamp:3:  evilmike_swamp_ruin_house_4
Swamp:4:  swamp_vile, swamp_pool1
Spider:1: spider_trap, guppyfry_spider_mini_1
Spider:3: nicolae_spider_hall_of_the_moth_king, nicolae_spider_cling_halls,
          uniq_mara
Spider:4: grunt_spider_rune_island, spider_trap, hangedman_stitches_earthworm,
          uniq_arachne
Slime:4:  cheibrodos_slime_lost_civilization_5
Orc:1:    nicolae_orc_tapped_out, uniq_nergalle
Orc:2:    st_orc_ogre_mass, statue_in_the_mist_lemuel, mines3_lemuel
Elf:1:    eino_elf_arrival_sip, portal_ice_cave_entry_ice_statue_two,
          kennysheep_underground_church
Elf:2:    st_stairs_4, basic_stair_grate_trap, uniq_saint_roka
Elf:3:    elf_hall_gauntlet_wide, item_on_display_a
Vaults:1: grunt_vaults_hallway_long, nicolae_vaults_c_with_doors,
          ontoclasm_vaults_chip, dpeg_vaults_monster_box, ontoclasm_vaults_chip,
          nicolae_vaults_windows_and_doors_thing, vaults_dpeg_ring, v_rooms_6,
          grunt_vaults_diagonal, vaults_dpeg_encased_lava,
          nicolae_vaults_three_branches, vaults_mumra_lcd, enter_trove_3
Vaults:2: nicolae_vaults_triangles, ontoclasm_vaults_ring_large,
          hangedman_vaults_capsules, v_misc_2, vaults_room_pool,
          hangedman_vaults_corner, v_alt_pattern_2, v_misc_22,
          hangedman_vaults_slice, nicolae_vaults_little_ls, vaults_room_pool,
          vaults_room_guarded_vault, uniq_asterion, uniq_donald
Vaults:3: hangedman_vaults_maws, minmay_crypt_entry_simple_statues, v_misc_23,
          v_misc_25, nicolae_vaults_little_squares_4,
          vaults_room_stairs_pillars, hangedman_vaults_locks,
          hangedman_vaults_snaps, v_misc_14, nicolae_vaults_border_crossing
Vaults:4: vaults_room_door_hall, grunt_vaults_focal,
          vaults_standard_mumra_lines, v_misc_29, vaults_room_large_hall,
          nicolae_vaults_circle_grid_b, st_hourglassy, v_misc_11,
          vaults_room_stairs_pillars, v_misc_24
Vaults:5: uniq_xtahua
Crypt:1:  uniq_bai_suzhen
Crypt:3:  grunt_crypt_end_deaths_head, uniq_khufu
Depths:1: serial_shops, nicolae_shop_statue_plus, grunt_hell_entry_dis_old,
          kennysheep_another_room, kennysheep_generic_room_3,
          grunt_megastairs_4, serial_bayou_shore_b
Depths:2: ragdoll_tomb_raider, lemuel_round_altar, hell_entry,
          kennysheep_random_hallway, infiniplex_staircase_zigzag_3, uniq_sojobo,
          uniq_enchantress
Depths:3: lemuel_flame_loot_2, enter_ziggurat_b, solitary_fountain, hell_entry,
          serial_shops, shop_fountains, rand_demon_pan_entry_5,
          serial_bayou_shore_b, uniq_jorgrun
Depths:4: kennysheep_scales, abyss_entry, lightli_too_deep, minmay_shop_star,
          minmay_staircase_windowed_large
Depths:5: lemuel_castle_with_subvaults, hell_entry, serial_shops,
          nicolae_shop_stone, wad_floor_pattern_untrapped, serial_curves,
          eino_curves_02, eino_curves_01
Zot:2:    grunt_megastairs_1, basic_stair_grate_trap
Zot:3:    cheibrodos_zot_enchanting_chambers, hangedman_zot_decor_scrapings
Lab:      labyrinth_spiral, labyrinth_skeletal_remains, nicolae_lab_x
IceCv:    ice_cave_statue_garden_chambered

Skill      XL: |  1  2  3  4  5  6  7  8  9 10 11 12 13 14 15 16 17 18 19 20 21 22 23 24 25 26 27 |
---------------+----------------------------------------------------------------------------------+-----
Fighting       | 4 5 7 9 10 12 14 15 17 18 20 21 22 23 24 25 26 27 | 27.0
Armour         | 4 5 6 7 8 9 10 11 12 13 14 16 21 | 21.2
Shields        | 4 5 6 7 8 9 11 12 13 15 17 19 20 22 23 24 25 26 27 | 27.0
Polearms       | 3 4 5 6 8 10 11 | 11.3
Dodging        | 1 2 5 8 10 12 13 14 15 16 18 23 | 23.4
Slings         | 1 2 |  2.3
Throwing       | 1 3 4 5 6 7 8 9 |  9.3
Axes           | 5 10 12 15 16 18 19 20 21 22 24 25 27 | 27.0
Evocations     | 1 |  1.0
Maces & Flails | |  0.8
Stealth        | |  0.1

Action                   |  1- 3 |  4- 6 |  7- 9 | 10-12 | 13-15 | 16-18 | 19-21 | 22-24 | 25-27 || total
-------------------------+-------+-------+-------+-------+-------+-------+-------+-------+-------++-------
Melee: Trident           |    79 |   171 |   108 |       |       |       |       |       |       ||   358
       Headbutt          |     5 |    25 |    36 |    64 |   253 |   365 |   478 |   399 |   615 ||  2240
       Glaive            |       |       |   168 |       |       |       |       |       |       ||   168
       War axe           |       |       |    29 |   299 |   864 |  1008 |  1353 |  1218 |  1765 ||  6536
       Bardiche          |       |       |       |       |    52 |    16 |       |       |       ||    68
       Demon whip        |       |       |       |       |       |    11 |       |       |       ||    11
 Fire: Hunting sling     |       |       |    12 |     5 |       |       |       |       |       ||    17
Throw: Tomahawk          |       |       |    48 |    39 |    69 |    34 |       |       |     4 ||   194
       Stone             |       |       |     3 |     3 |       |       |       |       |       ||     6
       Javelin           |       |       |       |       |    37 |    16 |       |       |       ||    53
Invok: Bribe Branch      |       |       |       |       |       |     1 |       |       |       ||     1
       Call Merchant     |       |       |       |       |       |       |       |     1 |       ||     1
Evoke: Wand              |       |       |       |       |     6 |       |       |     1 |     2 ||     9
  Use: Potion            |     3 |     3 |     4 |     2 |     6 |    13 |     8 |     8 |     5 ||    52
       Scroll            |     1 |    12 |     8 |     2 |    26 |    17 |    10 |    22 |    12 ||   110
 Stab: Distracted        |       |       |     1 |     1 |     3 |    11 |    15 |    23 |    24 ||    78
       Paralysed         |       |       |       |       |       |       |     1 |       |       ||     1
       Confused          |       |       |       |       |       |       |       |       |     1 ||     1
  Eat: Bread ration      |     1 |     1 |     1 |     2 |     3 |     3 |     3 |     4 |     2 ||    20
       Meat ration       |       |       |     2 |     2 |     4 |     3 |     2 |     3 |     6 ||    22
       Fruit             |       |       |       |       |     1 |       |     5 |     2 |       ||     8
       Royal jelly       |       |       |       |       |       |     4 |     3 |     2 |     5 ||    14
Armor: Scale mail        |    11 |       |       |       |       |       |       |       |       ||    11
       Plate armour      |    10 |    59 |   149 |    84 |   294 |   408 |   147 |   173 |    23 ||  1347
       Chain mail        |       |       |       |       |       |       |       |       |   141 ||   141
Dodge: Dodged            |    11 |    10 |    51 |    60 |   130 |   162 |   174 |   301 |   544 ||  1443
Block: Shield            |    31 |    38 |    53 |   131 |   405 |       |       |       |       ||   658
       Large shield      |       |       |       |       |    38 |  1082 |  1152 |  1170 |  1798 ||  5240
